 Dungeon Crawl Stone Soup version 0.28-a0-980-g3664467d6e (webtiles) character file.

Game seed: 6564803892870058872

42 BinkBink the Skirmisher (level 3, 0/60 HPs)
             Began as an Ogre Monk on Dec 2, 2021.
             Was an Initiate of Gozag.
             Slain by a gnoll shaman (5 damage)
             ... on level 2 of the Dungeon.
             The game lasted 00:01:38 (1152 turns).

BinkBink the Skirmisher (Ogre Monk)                 Turns: 1152, Time: 00:01:38

Health: 0/60       AC: 21    Str: 15    XL:     3   Next: 54%
Magic:  3/3        EV:  1    Int: 11    God:    Gozag
Gold:   176        SH:  0    Dex: 13    Spells: 2/2 levels left

rFire   . . .      SeeInvis .   a - +0 hand axe
rCold   . . .      Faith    .   (no shield)
rNeg    . . .      Spirit   .   (armour currently unavailable)
rPois   +          Reflect  .   (helmet currently unavailable)
rElec   .          Harm     .   (cloak currently unavailable)
rCorr   .          Rampage  .   (gloves unavailable)
Will    .....      NoTele   +   (boots unavailable)
Stlth   ++........              (no amulet)
HPRegen 0.20/turn               (no ring)
MPRegen 0.08/turn               (no ring)

@: tree-form
A: stationary, stasis, torment immunity, boosted hp, large, unfitting armour,
(tough skin 1)
a: Renounce Religion, Potion Petition, Call Merchant, Bribe Branch


You were on level 2 of the Dungeon.
You worshipped Gozag.
Gozag was aware of your devotion.
You were a tree.
You visited 1 branch of the dungeon, and saw 2 of its levels.

You collected 176 gold pieces.

Inventory:

Hand Weapons
 a - a +0 hand axe (weapon)
Armour
 b - a +0 robe (melded)
Scrolls
 c - a scroll of magic mapping {unknown}
 e - a scroll of identify {unknown}


   Skills:
 + Level 4.6 Fighting
 + Level 3.4 Axes
 * Level 0.9 Armour
 + Level 3.0 Dodging
 - Level 1.4 Stealth


You had 2 spell levels left.
You didn't know any spells.
Your spell library was empty.

Dungeon Overview and Level Annotations

Branches:
Dungeon (2/15)

Altars:
Gozag


Innate Abilities, Weirdness & Mutations

You are a tree.
Your roots penetrate the ground, keeping you stationary.
You cannot be teleported.
You are immune to unholy pain and torment.
Your maximum health is greatly increased.
Your equipment is partially melded.
You are too large for most types of armour.
((You have tough skin. (AC +1)))


Message History

The gnoll shaman hits you but does no damage.
You hit the gnoll shaman.
The gnoll shaman is lightly wounded.
The gnoll shaman hits you but does no damage.
You hit the gnoll shaman but do no damage.
The gnoll shaman is lightly wounded.
The gnoll shaman hits you with a +0 club.
* * * LOW HITPOINT WARNING * * *
You slash the gnoll shaman!
The gnoll shaman is heavily wounded.
The gnoll shaman hits you but does no damage.
The gnoll shouts!
You hit the gnoll shaman.
The gnoll shaman is severely wounded.
You hear a shout!
The gnoll shaman prays to its god.
The gnoll shaman is healed somewhat.
You barely miss the gnoll shaman.
The gnoll shaman is heavily wounded.
The gnoll shaman completely misses you.
The gnoll shaman hits you but does no damage.
You hit the gnoll shaman but do no damage.
The gnoll shaman is heavily wounded.
The gnoll shaman hits you but does no damage.
You closely miss the gnoll shaman.
The gnoll shaman is heavily wounded.
The gnoll shaman hits you but does no damage.
You barely miss the gnoll shaman.
The gnoll shaman is heavily wounded.
The gnoll shaman hits you but does no damage.
You hit the gnoll shaman.
The gnoll shaman is heavily wounded.
The gnoll shaman hits you with a +0 club.
* * * LOW HITPOINT WARNING * * *
You hit the gnoll shaman but do no damage.
The gnoll shaman is heavily wounded.
You are no longer glowing.
The gnoll shaman hits you with a +0 club.
You die...
Your body crumbles into a pile of gold.

#.#
#######.#########
.......g.........
.#######.#######.#
...............#.#
.#######.#####.#.#
####.# #.#.#
####....#####.#.##
#♣ggg...+.........
####....#####.#.##
#.#############.#.##
<...................
#.#####.#######.#.##
#.# #.#.# #.# #.#.#
#.# ###.# #.# ...


You could see a gnoll shaman and 2 gnolls.

Vanquished Creatures
  A gnoll (D:2)
  3 dart slugs (D:1)
  7 ball pythons (D:1)
  2 endoplasms
  2 goblins (D:1)
  3 bats (D:1)
  4 frilled lizards (D:1)
  3 kobolds (D:1)
  3 rats (D:1)
28 creatures vanquished.

Notes
Turn   | Place    | Note
-------+----------+-------------------------------------------
     0 | D:1      | BinkBink the Ogre Monk began the quest for the Orb.
     0 | D:1      | Reached XP level 1. HP: 24/24 MP: 1/1
   117 | D:1      | Found a faded altar of an unknown god.
   140 | D:1      | Reached XP level 2. HP: 23/32 MP: 2/2
   141 | D:1      | Prayed at the altar of an unknown god.
   141 | D:1      | Became a worshipper of Gozag Ym Sagoz the Greedy
   561 | D:1      | Reached XP level 3. HP: 35/40 MP: 3/3
  1152 | D:2      | Slain by a gnoll shaman

Illustrated notes

Levels and vault maps discovered:
D:1:      minmay_arrival_doors, layout_basic, nicolae_ecumenical_snake_handling,
          minmay_pentomino_o4
D:2:      layout_basic, basic_altar, due_unseen_surprise, uniq_jessica

Skill      XL: |  1  2 |
---------------+-------+-----
Dodging        | 3 |  3.0
Fighting       | |  4.6
Axes           | |  3.4
Armour         | |  0.9
Stealth        | |  1.4

Action                   || total
-------------------------++-------
Melee: Hand axe          ||    80
  Use: Potion            ||     1
 Stab: Sleeping          ||     6
Armor: Robe              ||    11
       Skin              ||     8
Dodge: Dodged            ||    33

Table legend: (Time is in decaauts)
 A = Elapsed time spent in this place.
 B = Non-inter-level travel time spent in this place.
 C = Inter-level travel time spent in this place.
 D = Time resting spent in this place.
 E = Time spent auto-exploring this place.
 F = Levels seen in this place.
 G = Mean time per level.
                   A        B        C        D        E       F      G
               +--------+--------+--------+--------+--------+-----+--------+
         Total |   1163 |   1139 |     24 |      0 |    909 |   2 |  581.5 |
       Dungeon |   1163 |   1139 |     24 |      0 |    909 |   2 |  581.5 |
               +--------+--------+--------+--------+--------+-----+--------+

Top non-repeatable levels by time:
     D:1: 1027 daAuts
     D:2: 135 daAuts
